AoeStats
← Ferchito

Black Forest

506458071Analyzed
2v2 RM · 19d ago on Sep 13, 2026· 63m 21s· 4 players
Game mode
Random Map
Map size
Medium (4 player)
Population
200
Speed
Normal
Resources
Standard
Victory
Conquest
Starting age
Dark Age
Ending age
Imperial Age
RankedLock teamsTeams togetherTeam positionsShared explorationLock speedFull tech treeHidden civsTurbo modeCheats
Victory
Defeat
🇧🇷 Wei · Brazil
636
+15
🇧🇷 Chinese · Brazil
605
+16
🇨🇷 Persians · Costa Rica
621
-16
🇷🇴 Bohemians · Romania
604
-15
R Λ V Ξ N
1:38 Loom
20:08 Feudal Age
20:36 Horse Collar
22:51 Wheelbarrow
24:12 Double-Bit Axe
29:28 Castle Age
27:39 Arson
30:24 Crossbowman
30:26 Elite Skirmisher
33:03 Bow Saw
32:57 Heavy Plow
33:14 Hand Cart
35:31 Imperial Age
34:23 Ballistics
34:16 Fortified Wall
34:17 Masonry
36:16 Chemistry
37:05 Arrowslits
37:18 Murder Holes
39:16 Two-Man Saw
38:46 Conscription
43:48 Arbalester
43:58 Elite Hussite Wagon
44:45 Wagenburg Tactics
44:49 Hussite Reforms
49:33 Architecture
54:59 Light Cavalry
Ferchito
2:26 Loom
11:55 Feudal Age
12:23 Double-Bit Axe
12:19 Horse Collar
20:56 Castle Age
19:37 Stone Mining
19:38 Gold Mining
23:49 Bow Saw
26:42 Heavy Plow
27:45 Wheelbarrow
29:43 Stone Shaft Mining
29:51 Gold Shaft Mining
37:40 Imperial Age
35:21 Town Watch
37:30 Masonry
37:47 Ballistics
41:46 Elite War Elephant
44:22 Parthian Tactics
49:52 Pikeman
51:26 Squires
50:47 Halberdier
52:10 Arson
62:34 Scale Mail Armor
mthsGOD☯
0:56 Loom
15:04 Feudal Age
15:29 Horse Collar
16:28 Wheelbarrow
17:58 Double-Bit Axe
20:08 Gold Mining
21:59 Padded Archer Armor
21:49 Fletching
22:15 Stone Mining
27:29 Castle Age
29:01 Hand Cart
29:22 Gold Shaft Mining
29:08 Leather Archer Armor
28:49 Bodkin Arrow
32:01 Crossbowman
32:46 Thumb Ring
34:59 Ballistics
35:41 Stone Shaft Mining
39:10 Imperial Age
37:12 Caravan
39:41 Heavy Plow
40:32 Conscription
41:53 Arbalester
43:57 Bow Saw
44:24 Ring Archer Armor
43:55 Bracer
44:59 Chemistry
51:09 Bombard Tower
Guaxinim
0:41 Loom
13:51 Feudal Age
14:20 Horse Collar
15:31 Wheelbarrow
14:45 Double-Bit Axe
16:42 Gold Mining
19:30 Stone Mining
21:29 Town Watch
24:08 Castle Age
23:36 Scale Barding Armor
26:13 Hand Cart
26:02 Heavy Plow
26:43 Gold Shaft Mining
26:45 Stone Shaft Mining
26:26 Bow Saw
28:25 Husbandry
28:50 Chain Barding Armor
28:41 Forging
31:15 Murder Holes
31:05 Treadmill Crane
33:39 Iron Casting
33:11 Padded Archer Armor
33:04 Fletching
34:34 Town Patrol
40:02 Imperial Age
42:28 Blast Furnace
43:46 Elite Tiger Cavalry
53:02 Onager
55:22 Chemistry
61:17 Heavy Hei Guang Cavalry
Connection lost

Rejoining the realm…

Still unreachable

The connection could not be restored.

Session expired

The server has moved on; the page needs a fresh start.